 Dungeon Crawl Stone Soup version 0.30-a0-393-g54b8e3b (webtiles) character file.

Game seed: 3739688097922660069

304569 PublicAnimeNo1 the Severer (level 20, -4/250 HPs)
             Began as a Demonspawn Cinder Acolyte on Dec 1, 2022.
             Was the Champion of Vehumet.
             Slain by Mennas
             ... wielding a +2 sacred scourge of holy wrath
              (12 damage)
             ... on level 2 of the Vaults on Dec 5, 2022.
             The game lasted 02:09:07 (38465 turns).

PublicAnimeNo1 the Severer (DsCA)                  Turns: 38465, Time: 02:09:08

Health: -4/250     AC: 41    Str: 28    XL:     20   Next: 26%
Magic:  29/32      EV: 13    Int: 18    God:    Vehumet [******]
Gold:   2555       SH:  0    Dex: 12    Spells: 5/36 levels left

rFire   + + .      SeeInvis +    a - +9 broad axe (drain)
rCold   . . .      Faith    .    (no shield)
rNeg    . . .      Spirit   .    X - +8 fire dragon scales
rPois   .          Reflect  .    d - +2 helmet {SInv}
rElec   .          Harm     .    Q - +2 cloak {rCorr}
rCorr   +          Rampage  .    (gloves unavailable)
Will    ++...                    U - +0 pair of boots {Fly}
Stlth   ..........               T - amulet of regeneration
HPRegen 1.41/turn                u - ring "Vuing" {Wiz rCorr Str+7 Dex+3 SInv}
MPRegen 0.23/turn                J - ring of protection from cold

@: berserking (expiring), sanguine armoured, flying, glowing, studying Unarmed
Combat, very quick
A: powered by death 2, torment resistance 1, sanguine armour 3, demonic magic 3,
demonic willpower, demonic touch 3
}: 2/15 runes: barnacled, gossamer
a: Renounce Religion


You were on level 2 of the Vaults.
You worshipped Vehumet.
Vehumet was exalted by your worship.
You visited 8 branches of the dungeon, and saw 36 of its levels.
You also visited: Gauntlet, Ice Cave and Volcano.

You collected 4780 gold pieces.
You spent 2225 gold pieces at shops.

Inventory:

Hand Weapons
 a - a +9 broad axe of draining (weapon)
 b - a +6 spectral broad axe
 v - a +9 war axe of electrocution
Missiles
 y - 4 throwing nets
 E - 17 silver javelins
Armour
 d - a +2 helmet of see invisible (worn)
 A - a +2 pair of boots of rampaging
 Q - a +2 cloak of preservation (worn)
 U - a +0 pair of boots of flying (worn)
 X - +8 fire dragon scales (worn)
Jewellery
 s - the ring "Egarghu" {rElec rCorr Str+2}
   (You took it off a deep elf zephyrmancer on level 3 of the Elven Halls)

   [ring of resist corrosion]

   Str:       It affects your strength (+2).
   rElec:     It insulates you from electricity.
   rCorr:     It protects you from acid and corrosion.
 u - the ring "Vuing" (left hand) {Wiz rCorr Str+7 Dex+3 SInv}
   (You bought it in a shop on level 14 of the Dungeon)

   [ring of wizardry]

   It improves your spell success rate.
   Str:       It affects your strength (+7).
   Dex:       It affects your dexterity (+3).
   SInv:      It lets you see invisible.
   rCorr:     It protects you from acid and corrosion.
 J - a ring of protection from cold (right hand)
 N - the amulet of Nefayrugg {Faith rElec rF- Int+4}
   (You took it off an orc on level 15 of the Dungeon)

   [amulet of faith]

   It allows you to gain divine favour quickly.
   Int:       It affects your intelligence (+4).
   rF:        It makes you vulnerable to fire.
   rElec:     It insulates you from electricity.
 T - an amulet of regeneration (around neck)
Wands
 o - a wand of flame (50)
 B - a wand of light (12)
 D - a wand of charming (31)
 G - a wand of digging (17)
 L - a wand of polymorph (6)
 M - a wand of mindburst (17)
 R - a wand of roots (5)
Scrolls
 c - 3 scrolls of butterflies
 f - 6 scrolls of blinking
 m - 7 scrolls of amnesia
 t - 2 scrolls of poison
 F - 14 scrolls of teleportation
 H - 10 scrolls of fear
 I - a scroll of magic mapping
 K - a scroll of torment
 O - 3 scrolls of vulnerability
Potions
 e - 2 potions of cancellation
 g - 2 potions of heal wounds
 i - 7 potions of mutation
 j - 3 potions of berserk rage
 l - 14 potions of curing
 n - 4 potions of haste
 p - 4 potions of might
 q - 4 potions of brilliance
 w - 5 potions of resistance
 x - 6 potions of flight
 z - 15 potions of ambrosia
 C - 4 potions of attraction
 S - 8 potions of invisibility
 V - a potion of magic
Miscellaneous
 h - a condenser vane
 P - a lightning rod (4/4)


   Skills:
 + Level 16.9 Fighting
 - Level 3.6 Short Blades
 - Level 18.0 Axes
 + Level 13.1 Armour
 - Level 7.5 Dodging
 - Level 2.3 Stealth
 + Level 8.6 Spellcasting
 - Level 11.0 Conjurations
 + Level 8.3 Transmutations
 + Level 11.1 Fire Magic
 - Level 8.1 Air Magic
 - Level 0.9 Poison Magic
 - Level 7.3 Evocations


You had 5 spell levels left.
You knew the following spells:

 Your Spells              Type           Power      Damage    Failure   Level
a - Ignition              Fire           24%        3d8       69%         8
c - Sticky Flame          Conj/Fire      47%        2d6       1%          4
e - Fireball              Conj/Fire      23%        3d11      1%          5
f - Arcjolt               Conj/Air       21%        1d31      1%          5
g - Starburst             Conj/Fire      23%        6d8       3%          6
h - Vhi's Electric Charg  Tloc/Air       44%        N/A       4%          3

Your spell library contained the following spells:

 Spells                   Type           Power      Damage    Failure   Level
 Beastly Appendage        Tmut           74%        N/A       1%          1
 Kiss of Death            Conj/Necr      100%       2d13      1%          1
 Magic Dart               Conj           100%       1d8       1%          1
 Sting                    Tmut/Pois      96%        1d7       1%          1
 Passwall                 Tmut/Erth      18%        N/A       1%          2
 Poisonous Vapours        Pois/Air       48%        N/A       1%          2
 Scorch                   Fire           96%        2d9       1%          2
 Wereblood                Tmut           37%        N/A       1%          2
 Dazzling Flash           Conj/Hex       54%        N/A       1%          3
 Hailstorm                Conj/Ice       27%        3d7       1%          3
 Inner Flame              Hex/Fire       27%        N/A       1%          3
 Mephitic Cloud           Conj/Pois/Air  31%        N/A       1%          3
 Swiftness                Air            37%        N/A       1%          3
 Airstrike                Air            18%        2d(3-19)  1%          4
 Flame Wave               Conj/Fire      47%        2d12      1%          4
 Lightning Bolt           Conj/Air       21%        1d36      1%          5
 Iskenderun's Mystic Bla  Conj/Tloc      27%        2d7       2%          4
 Cigotuvi's Dreadful Rot  Necr/Pois/Air  36%        N/A       3%          2
 Spider Form              Tmut/Pois      24%        N/A       3%          3
 Freezing Cloud           Conj/Ice/Air   15%        6-21      4%          5
 Blade Hands              Tmut           18%        N/A       6%          5
 Frozen Ramparts          Ice            14%        1d3       7%          3
 Apportation              Tloc           14%        N/A       8%          1
 Necrotise                Necr           28%        1d5       8%          1
 Slow                     Hex            28%        N/A       8%          1
 Summon Small Mammal      Summ           28%        N/A       8%          1
 Yara's Violent Unravell  Hex/Tmut       11%        3d6       10%         5
 Call Imp                 Summ           7%         N/A       12%         2
 Ensorcelled Hibernation  Hex/Ice        14%        N/A       12%         2
 Sublimation of Blood     Necr           7%         N/A       12%         2
 Ice Form                 Ice/Tmut       22%        N/A       13%         4
 Olgreb's Toxic Radiance  Pois           11%        N/A       13%         4
 Summon Lightning Spire   Summ/Air       22%        N/A       14%         4
 Call Canine Familiar     Summ           7%         N/A       22%         3
 Confusing Touch          Hex            7%         N/A       22%         3
 Ozocubu's Armour         Ice            7%         N/A       22%         3
 Portal Projectile        Hex/Tloc       14%        N/A       22%         3
 Tukima's Dance           Hex            7%         N/A       22%         3
 Vampiric Draining        Necr           7%         2d6       22%         3
 Anguish                  Hex/Necr       3%         N/A       56%         4
 Animate Armour           Summ/Erth      14%        N/A       56%         4
 Animate Dead             Necr           7%         N/A       56%         4
 Dispel Undead            Necr           7%         3d8       56%         4
 Leda's Liquefaction      Hex/Erth       3%         N/A       56%         4
 Manifold Assault         Tloc           7%         N/A       56%         4
 Summon Ice Beast         Ice/Summ       7%         N/A       56%         4
 Agony                    Necr           7%         N/A       87%         5
 Borgnjor's Vile Clutch   Necr/Erth      3%         N/A       87%         5
 Metabolic Englaciation   Hex/Ice        3%         N/A       87%         5
 Summon Mana Viper        Hex/Summ       7%         N/A       87%         5
 Conjure Ball Lightning   Conj/Air       21%        3x3d7     7%          6
 Iron Shot                Conj/Erth      13%        9d3       28%         6
 Eringya's Noxious Bog    Tmut/Pois      12%        N/A       36%         6
 Maxwell's Capacitive Co  Air            18%        ∞         96%         8
 Death Channel            Necr           3%         N/A       100%        6
 Dispersal                Tloc           3%         N/A       100%        6
 Simulacrum               Ice/Necr       3%         N/A       100%        6
 Enfeeble                 Hex            3%         N/A       100%        7
 Monstrous Menagerie      Summ           3%         N/A       100%        7
 Summon Hydra             Summ           3%         N/A       100%        7
 Discord                  Hex            3%         N/A       100%        8
 Disjunction              Tloc           3%         N/A       100%        8
 Polar Vortex             Ice            3%         N/A       100%        9


Dungeon Overview and Level Annotations

Branches:
Dungeon (15/15)            Temple (1/1) D:7            Lair (5/5) D:9
 Shoals (4/4) Lair:3       Spider (4/4) Lair:2        Slime (0/5) Lair:5
    Orc (2/2) D:12            Elf (3/3) Orc:2        Vaults (2/5) D:13
 Depths (0/4) D:15          IceCv (visited)         Volcano (visited)
Gauntlet (visited)
  Crypt: Vaults:2-3

Altars:
Ashenzari
Cheibriados
Dithmenos
Fedhas
Gozag
Hepliaklqana
Kikubaaqudgha
Makhleb
Nemelex Xobeh
Okawaru
Qazlal
Ru
Sif Muna
Trog
Uskayaw
Vehumet
Wu Jian
Xom
Yredelemnul
Jiyva

Shops:
D:5 (:***   D:7 :   D:14 =   Orc:2 [((**   Elf:1 [**:!   Elf:2 !   Elf:3 ?
Shoals:2 *   Vaults:1 *

Portals:
Trove: D:13 (give 2 scrolls of acquirement)

Annotations:
D:13 1 runed translucent door, cowcow's ghost, journeyman TrSu
Lair:1 2 transporters, Ecvamaa's ghost, journeyman MiFi
Lair:3 exclusion: oklob plant
Elf:1 1 runed translucent door
Elf:2 2 runed translucent doors
Elf:3 Roxanne
Vaults:2 Mennas


Innate Abilities, Weirdness & Mutations

You regenerate health from kills.
You are resistant to unholy torment.
When seriously injured, your blood forms very thick armour. (AC +12)
Spells you cast and wands you use may paralyse nearby enemies.
You punish those that try to bend your will. (Will+)
Your touch may irresistibly damage your foes and sap their willpower.


Message History

You closely miss Mennas. Your touch misses Mennas.
Mennas is heavily wounded.
Mennas hits you with a +2 sacred scourge of holy wrath!
You convulse!
Mennas hits you but does no damage. Mennas blocks your attack.
Your touch misses Mennas.
Mennas is heavily wounded.
Your ironbound convoker misses Mennas.
Mennas blocks your attack.
Your touch misses Mennas. Your punch misses Mennas.
Mennas is heavily wounded.
Mennas gestures frantically.
Mennas is healed somewhat.
Mennas blocks your attack.
Mennas is heavily wounded.
Mennas hits you but does no damage. x2
Your ironbound convoker closely misses Mennas.
You barely miss Mennas. Your touch misses Mennas.
Mennas is heavily wounded.
You hit Mennas but do no damage. Your touch misses Mennas.
Mennas is heavily wounded.
Mennas hits you but does no damage. x2
Your ironbound convoker closely misses Mennas.
You closely miss Mennas.
Mennas is heavily wounded.
Mennas hits you with a +2 sacred scourge of holy wrath!!
* * * LOW HITPOINT WARNING * * *
You convulse!!
* * * LOW HITPOINT WARNING * * *
Mennas hits you but does no damage. Mennas blocks your attack.
Your touch misses Mennas.
Mennas is heavily wounded.
You hit Mennas.
Mennas is heavily wounded.
Mennas hits you with a +2 sacred scourge of holy wrath.
* * * LOW HITPOINT WARNING * * *
You convulse!
* * * LOW HITPOINT WARNING * * *
Mennas hits you with a +2 sacred scourge of holy wrath!
* * * LOW HITPOINT WARNING * * *
You convulse!
You die...

. #..#
#'####..###
........
..... #.)#
#### #..#
..... #..#
....# #Ap#
...# #@.#
..# #..# .
#..# #..#
#..# #..#
#..# #..#
#..#


You could see Mennas (ally target) and a friendly ironbound convoker (summoned).

Vanquished Creatures
  Arachne (Spider:2)
  Jorgrun (Orc:1)
  Asterion (Elf:1)
  A deep elf blademaster (Elf:3)
  A deep elf master archer (Elf:3)
  Frances (Shoals:1)
  Kirke (Lair:4)
  Donald (Vaults:1)
  Ilsuiw (Shoals:3)
  9 deep elf sorcerers
  5 ghost moths
  2 frost giants
  The ghost of Toastz the Warrior, an adept GrRe of Okawaru (D:15)
  2 vault wardens
  7 emperor scorpions
  An orc warlord (Orc:2)
  Aizul (Shoals:1)
  3 deep elf elementalists (Elf:3)
  8 ironbound preservers
  A very ugly thing (IceCv)
  3 reapers (IceCv)
  An ironbound thunderhulk (Vaults:1)
  5 deep elf demonologists (Elf:3)
  7 deep elf annihilators (Elf:3)
  A minotaur (Gauntlet)
  3 spark wasps
  5 crystal guardians (Elf:3)
  Snorg (Orc:1)
  6 deep elf death magi
  A fire dragon (Lair:5)
  A blizzard demon (Gauntlet)
  Josephine (Lair:5)
  An entropy weaver (Spider:3)
  4 merfolk javelineers
  4 yaktaur captains
  2 great orbs of eyes
  16 merfolk impalers
  Fannar (Orc:1)
  7 deep elf high priests
  4 hydras
  A rakshasa (D:13)
  6 merfolk aquamancers
  23 centaur warriors
  7 boulder beetles
  An ogre mage (D:15)
  5 ironbound frosthearts
  A radroach (Spider:2)
  9 two-headed ogres
  2 merfolk avatars
  A death knight (D:14)
  An alligator snapping turtle (Shoals:2)
  15 dancing weapons
  A satyr (Shoals:2)
  4 death yaks (Lair:3)
  5 tengu warriors
  Urug (D:13)
  10 deep elf knights
  8 skeletal warriors
  2 fire crabs (Shoals:3)
  21 sea snakes
  A sun moth (Spider:4)
  24 deep trolls
  9 pharaoh ants
  4 steelbarb worms
  7 lindwurms
  An obsidian statue (IceCv)
  3 wizards
  9 deep elf archers
  3 ironbound convokers
  9 orb spiders
  A spriggan simulacrum (IceCv)
  23 deep elf zephyrmancers
  19 harpies
  A phantasmal warrior (D:14)
  2 oklob plants
  28 deep elf pyromancers
  7 orc knights
  A salamander (shapeshifter) (D:15)
  18 wolf spiders
  9 ugly things
  9 cyclopes
  An orc sorcerer (Volcano)
  11 fauns
  5 elephants (Lair:4)
  2 black mambas
  13 manticores
  A moth of wrath (Spider:2)
  8 vault sentinels
  9 merfolk sirens
  3 molten gargoyles
  2 smoke demons
  A water nymph (Shoals:2)
  13 cane toads
  2 gargoyles
  3 torpor snails
  11 freezing wraiths
  4 demonic crawlers
  22 yaktaurs
  11 komodo dragons
  2 unseen horrors
  2 tengu conjurers
  An anaconda simulacrum (IceCv)
  2 polar bears
  7 ice devils
  37 merfolk
  13 trolls
  2 wind drakes (shapeshifter)
  A tyrant leech (Gauntlet)
  3 meliai (D:15)
  Prince Ribbit (D:6)
  A queen bee (Lair:1)
  24 tarantellas
  7 blink frogs (Lair:1)
  3 wind drakes
  3 hornets
  5 slime creatures
  8 dream sheep
  7 snapping turtles
  14 jumping spiders
  2 air elementals (Elf:1)
  6 wyverns
  3 centaur simulacra
  11 water elementals
  21 culicivoras
  9 fire bats
  2 shadows
  7 wraiths
  21 fire elementals
  15 humans (D:13)
  48 yaks
  38 redbacks
  8 basilisks
  4 vampire mosquitoes (D:12)
  2 minotaur simulacra (IceCv)
  7 hogs (Lair:4)
  3 steam dragons
  A harpy simulacrum (IceCv)
  2 swamp worms (Gauntlet)
  3 acid dragons
  4 water moccasins
  3 wargs
  7 hell hounds
  A hydra simulacrum (IceCv)
  Duvessa (D:6)
  An ice beast (D:7)
  31 orc warriors
  An alligator simulacrum (IceCv)
  A sky beast (D:6)
  11 wolves
  A boggart (Elf:1)
  2 ettin simulacra (IceCv)
  9 ogres
  13 centaurs
  2 phantoms
  2 kobold brigands
  A necrophage (D:6)
  2 earth elementals
  14 bullfrogs
  3 deep troll simulacra (IceCv)
  2 jellies
  Dowan (D:6)
  11 wights
  42 killer bees
  11 electric eels
  10 howler monkeys
  9 lava snakes
  8 hounds
  16 orc priests
  2 gnoll boudas
  4 iguanas
  27 orc wizards
  Robin (D:2)
  14 gnolls
  11 adders
  4 shadow imps
  2 white imps
  2 dart slugs
  98 orcs
  3 bats
  10 endoplasms
  4 giant cockroaches
  14 goblins
  14 hobgoblins
  2 jackals (D:4)
  3 quokkas
  7 ball pythons
  16 kobolds
  7 rats
1378 creatures vanquished.

Vanquished Creatures (collateral kills)
  A fire elemental (D:15)
1 creature vanquished.

Vanquished Creatures (others)
  A dancing weapon (Elf:2)
  A deep elf knight (Elf:1)
  A molten gargoyle (Lair:5)
  A troll (D:13)
  A human (D:13)
  22 foxfires
  22 fungi
  140 plants
  2 withered plants (D:13)
191 creatures vanquished.

Grand Total: 1570 creatures vanquished

Notes
Turn   | Place    | Note
-------+----------+-------------------------------------------
     0 | D:1      | PublicAnimeNo1 the Demonspawn Cinder Acolyte began the
                  | quest for the Orb.
     0 | D:1      | Reached XP level 1. HP: 18/18 MP: 2/2
   108 | D:1      | Gained mutation: When seriously injured, your blood forms
                  | armour. (AC +12) [demonic ancestry]
   108 | D:1      | Reached XP level 2. HP: 24/24 MP: 3/3
   111 | D:1      | Learned a level 2 spell: Scorch
   235 | D:1      | Found a faded altar of an unknown god.
   470 | D:1      | Reached skill level 1 in Stealth
   520 | D:1      | Got Duoh's Verses on Singed Toxins
  1025 | D:2      | Noticed Robin
  1034 | D:2      | Killed Robin
  1035 | D:2      | Reached XP level 3. HP: 25/29 MP: 1/4
  1327 | D:2      | Gained mutation: When seriously injured, your blood forms
                  | thick armour. (AC +12) [demonic ancestry]
  1327 | D:2      | Reached XP level 4. HP: 35/35 MP: 5/5
  1764 | D:3      | Found a shimmering altar of Xom.
  2239 | D:3      | Found a transporter.
  2248 | D:3      | Found a transporter.
  2583 | D:3      | Gained mutation: Spells you cast may paralyse adjacent
                  | enemies. [demonic ancestry]
  2583 | D:3      | Reached XP level 5. HP: 34/42 MP: 7/7
  2924 | D:4      | Learned a level 2 spell: Poisonous Vapours
  3288 | D:4      | Gained mutation: Your touch may inflict minor irresistible
                  | damage on your foes. [demonic ancestry]
  3288 | D:4      | Reached XP level 6. HP: 48/48 MP: 1/9
  3382 | D:4      | Reached skill level 1 in Axes
  3452 | D:4      | Reached skill level 2 in Axes
  3685 | D:4      | Reached skill level 3 in Axes
  3704 | D:4      | Gained mutation: Spells you cast may paralyse nearby
                  | enemies. [demonic ancestry]
  3704 | D:4      | Reached XP level 7. HP: 36/54 MP: 7/10
  3792 | D:4      | Found a sparkling altar of Nemelex Xobeh.
  3902 | D:4      | Reached skill level 4 in Axes
  4111 | D:5      | Entered Level 5 of the Dungeon
  4111 | D:5      | Found Zaoresch's General Store.
  4149 | D:4      | Identified a scroll of acquirement
  4149 | D:4      | Acquired a +2 helmet of see invisible
  4172 | D:5      | Found Himiu's Book Shoppe.
  4379 | D:5      | Found Eqad Yzy's Assorted Antiques.
  4387 | D:5      | Bought a pair of embroidered gloves for 150 gold pieces
  4397 | D:5      | Found Dajor's General Store.
  4568 | D:5      | Reached skill level 5 in Axes
  4869 | D:5      | Found Zetro's Weapon Emporium.
  4973 | D:7      | Noticed a wraith
  4974 | D:7      | Reached skill level 6 in Axes
  4974 | D:7      | Gained mutation: You regenerate a little health from kills.
                  | [demonic ancestry]
  4974 | D:7      | Reached XP level 8. HP: 46/60 MP: 2/11
  4975 | D:7      | Noticed a gargoyle
  4990 | D:6      | Reached skill level 7 in Axes
  5115 | D:6      | Noticed Duvessa
  5115 | D:6      | Noticed Dowan
  5119 | D:6      | Killed Dowan
  5124 | D:6      | Killed Duvessa
  5301 | D:6      | Reached skill level 8 in Axes
  5313 | D:6      | Reached skill level 1 in Dodging
  5333 | D:6      | Reached XP level 9. HP: 61/67 MP: 12/12
  5486 | D:6      | You fall into a shaft and drop 1 floor!
  5501 | D:7      | Reached skill level 5 in Fighting
  5605 | D:7      | Found a staircase to the Ecumenical Temple.
  5658 | D:7      | Noticed a troll
  5664 | D:7      | Killed a troll
  5665 | D:7      | Reached skill level 9 in Axes
  6154 | D:6      | Noticed Prince Ribbit
  6163 | D:6      | Killed Prince Ribbit
  6170 | D:6      | Learned a level 4 spell: Sticky Flame
  6186 | D:7      | Killed a gargoyle
  6187 | D:7      | Gained mutation: Your touch may inflict irresistible damage
                  | on your foes. [demonic ancestry]
  6187 | D:7      | Reached XP level 10. HP: 64/77 MP: 10/13
  6188 | D:7      | Reached skill level 5 in Dodging
  6261 | D:7      | Found Ibog's Tremendous Tomes.
  6569 | D:8      | Identified the +0 spear "Feptic" {vorpal, rN+ Will+ Dex+2}
  6657 | D:8      | Reached skill level 10 in Axes
  6849 | D:8      | Paralysed by a hornet for 2 turns
  7076 | D:8      | Found an ornate altar of the Wu Jian Council.
  7317 | D:9      | Found a staircase to the Lair.
  7826 | D:9      | Found a shadowy altar of Dithmenos.
  7834 | D:10     | Entered Level 10 of the Dungeon
  7840 | D:10     | Gained mutation: You regenerate health from kills. [demonic
                  | ancestry]
  7840 | D:10     | Reached XP level 11. HP: 79/87 MP: 14/14
  7840 | D:10     | Noticed a two-headed ogre
  7852 | D:10     | Killed a two-headed ogre
  8177 | D:10     | Noticed a two-headed ogre
  8181 | D:10     | Noticed a two-headed ogre
  8186 | D:10     | Killed a two-headed ogre
  8187 | D:10     | Reached skill level 11 in Axes
  8187 | D:10     | Reached skill level 1 in Armour
  8189 | D:10     | Killed a two-headed ogre
  8823 | D:10     | Found a radiant altar of Vehumet.
  8826 | D:10     | Found a hazy altar of Hepliaklqana.
  9114 | Lair:1   | Entered Level 1 of the Lair of Beasts
  9143 | Lair:1   | You fall into a shaft and drop 1 floor!
  9208 | Lair:1   | Learned a level 2 spell: Wereblood
  9241 | Lair:1   | Reached skill level 1 in Evocations
  9343 | Lair:1   | Identified the +7 spear of the First Defenders {spect,
                  | rCorr Int+3}
  9391 | Lair:1   | Reached skill level 10 in Fighting
  9594 | Lair:1   | Found a transporter.
  9596 | Lair:1   | Noticed a boulder beetle
  9606 | Lair:1   | Killed a boulder beetle
  9607 | Lair:1   | Gained mutation: Spells you cast and wands you use may
                  | paralyse nearby enemies. [demonic ancestry]
  9607 | Lair:1   | Reached XP level 12. HP: 88/97 MP: 12/15
  9627 | Lair:1   | Found a transporter.
  9632 | Lair:1   | Found a bloodstained altar of Trog.
  9666 | Lair:1   | Noticed Ecvamaa's ghost (journeyman MiFi)
 10188 | Lair:1   | Found the +6 lightning scales {swift, rElec}
 10557 | Lair:2   | Reached skill level 1 in Conjurations
 10573 | Lair:2   | Reached skill level 12 in Axes
 10749 | Lair:2   | Reached skill level 5 in Armour
 10944 | Lair:2   | Found a hole to the Spider Nest.
 11393 | Lair:3   | Reached skill level 5 in Fire Magic
 11427 | Lair:3   | Noticed a four-headed hydra
 11437 | Lair:3   | Killed a four-headed hydra
 11439 | Lair:3   | Noticed a six-headed hydra
 11448 | Lair:3   | Killed a six-headed hydra
 11559 | Lair:3   | Noticed a death yak
 11563 | Lair:3   | Noticed a death yak
 11564 | Lair:3   | Noticed a death yak
 11567 | Lair:3   | Noticed a death yak
 11568 | Lair:3   | Killed a death yak
 11573 | Lair:3   | Killed a death yak
 11576 | Lair:3   | Killed a death yak
 11577 | Lair:3   | Killed a death yak
 11578 | Lair:3   | Gained mutation: You punish those that try to bend your
                  | will. (Will+) [demonic ancestry]
 11578 | Lair:3   | Reached XP level 13. HP: 73/106 MP: 13/16
 11609 | Lair:3   | Found a staircase to the Shoals.
 11966 | Lair:3   | Identified the amulet "Nups" {RegenMP Harm Will- Dex+5
                  | Stlth+}
 11978 | Lair:3   | Got the Dissertation on Blight and Spellbinding
 12523 | Lair:4   | Noticed Kirke
 12540 | Lair:4   | Killed Kirke
 12541 | Lair:4   | Reached skill level 5 in Conjurations
 13231 | Lair:5   | Entered Level 5 of the Lair of Beasts
 13295 | Lair:5   | Noticed Josephine
 13306 | Lair:5   | Reached skill level 13 in Axes
 13310 | Lair:5   | Killed Josephine
 13322 | Lair:5   | Identified the +11 chain mail "Ocifyan" {rF- rC++ rCorr
                  | Stlth+}
 13328 | Lair:5   | Found a viscous altar of Jiyva.
 13328 | Lair:5   | Found a staircase to the Slime Pits.
 13441 | Lair:5   | Found a dark tunnel.
 13447 | Volcano  | Entered a volcano
 13547 | Volcano  | Found a bloodstained altar of Trog.
 14024 | Lair:5   | Gained mutation: Your touch may irresistibly damage your
                  | foes and sap their willpower. [demonic ancestry]
 14024 | Lair:5   | Reached XP level 14. HP: 94/116 MP: 17/17
 14496 | Lair:5   | Found a large runed translucent door.
 14497 | Lair:5   | Found a large runed translucent door.
 15876 | D:12     | Found a staircase to the Orcish Mines.
 16075 | D:12     | Found a burning altar of Makhleb.
 16896 | D:13     | Noticed Urug
 16896 | D:13     | Found a gate to the Vaults.
 16970 | Orc:1    | Entered Level 1 of the Orcish Mines
 17111 | Orc:2    | Entered Level 2 of the Orcish Mines
 17125 | Orc:2    | Reached skill level 5 in Evocations
 17186 | Orc:2    | Found Ciluifuy's Assorted Antiques.
 17258 | Orc:2    | Found a gate leading to a gauntlet.
 17270 | Gauntlet | Entered a Gauntlet
 17270 | Gauntlet | Found a transporter.
 17270 | Gauntlet | Found a transporter.
 17271 | Gauntlet | Found a transporter.
 17274 | Gauntlet | Found a transporter.
 17274 | Gauntlet | Found a transporter.
 17284 | Gauntlet | Found a transporter.
 17350 | Gauntlet | Found a transporter.
 17370 | Gauntlet | Found a transporter.
 17375 | Gauntlet | Found a transporter.
 17389 | Gauntlet | Found a transporter.
 17400 | Gauntlet | Found a transporter.
 17406 | Gauntlet | Found a transporter.
 17651 | Gauntlet | Reached skill level 14 in Axes
 17739 | Orc:2    | Found a staircase to the Elven Halls.
 17844 | Orc:2    | Noticed an orc warlord
 17865 | Orc:2    | Killed an orc warlord
 17927 | Orc:2    | Found Saovuo's Antique Armour Shop.
 17929 | Orc:2    | Found Lemumog's Antique Weapon Boutique.
 18039 | Orc:2    | Found Cueduod's Assorted Antiques.
 18147 | Orc:2    | Found Cuem Hyg's Weapon Emporium.
 18244 | Orc:2    | Bought a bloodstained broad axe for 189 gold pieces
 18244 | Orc:2    | Identified the +1 broad axe of the Shifting Rat {vorpal,
                  | Will+} (You bought it in a shop on level 2 of the Orcish
                  | Mines)
 18525 | Temple   | Entered the Ecumenical Temple
 18889 | D:10     | Fell from the grace of Ignis
 18889 | D:10     | Became a worshipper of Vehumet
 19047 | D:13     | Killed Urug
 19047 | D:13     | Reached * piety under Vehumet
 19047 | D:13     | Offered knowledge of Shock by Vehumet.
 19212 | D:13     | Found a broken altar of Ashenzari.
 19473 | D:13     | Gained mutation: You are resistant to unholy torment.
                  | [demonic ancestry]
 19473 | D:13     | Reached XP level 15. HP: 90/125 MP: 18/18
 19606 | D:13     | Found a runed translucent door.
 19606 | D:13     | Noticed cowcow's ghost (journeyman TrSu)
 19607 | D:13     | Found an ornate altar of the Wu Jian Council.
 19612 | D:13     | Found a portal to a secret trove of treasure.
 19682 | D:13     | Identified the +8 scale mail "Mujuh" {-Tele rPois rC++}
 20072 | D:14     | Offered knowledge of Static Discharge by Vehumet.
 20073 | D:14     | Reached ** piety under Vehumet
 20074 | D:14     | Reached skill level 10 in Armour
 20416 | D:14     | Found a snail-covered altar of Cheibriados.
 20475 | D:14     | Found Watix's Jewellery Shop.
 20490 | D:14     | Bought the ring "Vuing" {Wiz rCorr Str+7 Dex+3 SInv} for
                  | 745 gold pieces
 20595 | D:15     | Entered Level 15 of the Dungeon
 20703 | D:15     | Found a runed translucent gate.
 20704 | D:15     | Found a runed translucent gate.
 20705 | D:15     | Found a runed translucent gate.
 20705 | D:15     | Noticed Toastz's ghost (adept GrRe)
 20707 | D:15     | Identified the +8 plate armour of Zeenir {Harm rPois rC-
                  | rN+++}
 20812 | D:15     | Offered knowledge of Kindle Blastsparks by Vehumet.
 20845 | D:15     | Found a broken altar of Ashenzari.
 20910 | D:15     | Reached skill level 15 in Axes
 21013 | D:15     | Found a staircase to the Depths.
 21013 | D:15     | Noticed a frost giant
 21021 | D:15     | Killed a frost giant
 21464 | D:15     | Identified the amulet of Nefayrugg {Faith rElec rF- Int+4}
 21701 | D:15     | Reached *** piety under Vehumet
 21766 | D:15     | Upgraded the game from 0.30-a0-381-g6ea064c to
                  | 0.30-a0-385-gfebfb9b
 21840 | D:15     | Killed Toastz's ghost
 21915 | D:15     | Learned a level 5 spell: Fireball
 22092 | Spider:1 | Entered Level 1 of the Spider Nest
 22115 | Spider:1 | Offered knowledge of Fulminant Prism by Vehumet.
 22569 | Spider:1 | Reached **** piety under Vehumet
 22818 | Spider:2 | Reached XP level 16. HP: 134/134 MP: 20/20
 22850 | Spider:2 | You fall into a shaft and drop 1 floor!
 22929 | Spider:2 | Offered knowledge of Freezing Cloud by Vehumet.
 23276 | Spider:2 | Was forgiven by Ignis
 23446 | Spider:2 | Noticed Arachne
 23459 | Spider:2 | Killed Arachne
 23972 | Spider:3 | Reached skill level 16 in Axes
 24138 | Spider:3 | Reached ***** piety under Vehumet
 24148 | Spider:3 | Offered knowledge of Iskenderun's Battlesphere by Vehumet.
 25007 | Spider:4 | Entered Level 4 of the Spider Nest
 25174 | Spider:4 | Reached skill level 5 in Spellcasting
 25398 | Spider:4 | Offered knowledge of Ozocubu's Refrigeration by Vehumet.
 26000 | Spider:4 | Got a gossamer rune of Zot
 26081 | Spider:4 | Reached skill level 10 in Fire Magic
 26106 | Spider:4 | Upgraded the game from 0.30-a0-385-gfebfb9b to
                  | 0.30-a0-393-g54b8e3b
 26411 | Orc:1    | Noticed Snorg
 26418 | Orc:1    | Killed Snorg
 26437 | Orc:1    | Reached XP level 17. HP: 139/140 MP: 27/27
 26646 | Orc:1    | Noticed Jorgrun
 26655 | Orc:1    | Killed Jorgrun
 26735 | Orc:1    | Noticed Fannar
 26744 | Orc:1    | Killed Fannar
 26859 | Elf:1    | Entered Level 1 of the Elven Halls
 26867 | Elf:1    | Reached skill level 10 in Conjurations
 26940 | Elf:1    | Found Fuhatoixki's Antique Armour Boutique.
 26945 | Elf:1    | Found Gerr's Assorted Antiques.
 26945 | Elf:1    | Found Cusk's Assorted Antiques.
 26946 | Elf:1    | Found Udech's Book Boutique.
 27080 | Elf:1    | Noticed Asterion
 27097 | Elf:1    | Killed Asterion
 27105 | Elf:1    | HP: 5/140 [deep elf zephyrmancer/bolt of lightning (18)]
 27262 | Elf:1    | Paralysed by an air elemental for 1 turns
 27367 | Elf:1    | Offered knowledge of Irradiate by Vehumet.
 27623 | Elf:1    | Learned a level 5 spell: Arcjolt
 27630 | Elf:1    | Learned a level 6 spell: Starburst
 27669 | Elf:1    | Reached skill level 1 in Air Magic
 27823 | Elf:1    | Found Yred's Distillery.
 27954 | Elf:1    | Paralysed by an air elemental for 1 turns
 28298 | Elf:1    | Found a runed translucent door.
 28385 | Elf:2    | Learned a level 3 spell: Vhi's Electric Charge
 28430 | Elf:2    | Found Hofysun's Distillery.
 28441 | Elf:2    | Reached skill level 1 in Transmutations
 29000 | Elf:2    | Found a runed translucent door.
 29030 | Elf:2    | Found a runed translucent door.
 29070 | Elf:3    | Entered Level 3 of the Elven Halls
 29100 | Elf:1    | Bought a potion of haste for 280 gold pieces
 29100 | Elf:1    | Bought a scroll of fear for 112 gold pieces
 29100 | Elf:1    | Bought a scroll of brand weapon for 266 gold pieces
 29175 | Orc:2    | Bought a scroll of brand weapon for 218 gold pieces
 29175 | Orc:2    | Bought a scroll of teleportation for 69 gold pieces
 29524 | Elf:3    | Found Jigipyta's Magic Scroll Shop.
 29579 | Elf:3    | Noticed Roxanne
 29958 | Elf:3    | Offered knowledge of Lee's Rapid Deconstruction by Vehumet.
 30116 | Elf:3    | Reached skill level 15 in Fighting
 30121 | Elf:3    | Reached XP level 18. HP: 122/149 MP: 30/30
 30151 | Elf:3    | Noticed a Tzitzimitl
 30155 | Elf:3    | Noticed a Hell Sentinel
 30822 | Elf:3    | Identified the +8 short sword "Utesojum" {venom, *Slow
                  | +Blink rCorr Dex+2}
 30971 | Elf:3    | Identified the ring "Egarghu" {rElec rCorr Str+2}
 31176 | Elf:3    | Identified the amulet "Xopomora" {Acrobat Will- Dex+7}
 31183 | Elf:3    | Identified the +0 ring mail "Rali Esesh" {*Slow rElec rC+
                  | Stlth+}
 31196 | Elf:3    | Reached skill level 17 in Axes
 31277 | Elf:3    | Got Qaumum's Exposition on Helpful Blasphemous Rituals
 31901 | Shoals:1 | Entered Level 1 of the Shoals
 32130 | Shoals:1 | Offered knowledge of Spellforged Servitor by Vehumet.
 32140 | Shoals:1 | Reached skill level 5 in Air Magic
 32204 | Shoals:1 | Noticed Aizul
 32211 | Shoals:1 | Killed Aizul
 32299 | Shoals:1 | Noticed Frances
 32316 | Shoals:1 | Killed Frances
 32807 | Shoals:1 | Reached skill level 5 in Transmutations
 33569 | Shoals:2 | Found Reurei Riuwn's Assorted Antiques.
 33577 | Shoals:2 | Bought a scroll labelled FUAFUN KEWOCLA for 24 gold pieces
 33631 | Shoals:2 | Gained mutation: When seriously injured, your blood forms
                  | very thick armour. (AC +12) [demonic ancestry]
 33631 | Shoals:2 | Reached XP level 19. HP: 153/157 MP: 27/31
 34346 | Shoals:3 | Noticed Ilsuiw
 34388 | Shoals:3 | Killed Ilsuiw
 35075 | Shoals:4 | Entered Level 4 of the Shoals
 35146 | Shoals:4 | Offered knowledge of Orb of Destruction by Vehumet.
 35164 | Shoals:4 | Found a frozen archway.
 35174 | IceCv    | Entered an ice cave
 35405 | IceCv    | Reached skill level 18 in Axes
 35582 | IceCv    | Identified the +2 helmet "Ovied" {*Slow Dex+5}
 35967 | Shoals:4 | Reached ****** piety under Vehumet
 36012 | Shoals:4 | Got a barnacled rune of Zot
 36780 | Orc:2    | Bought a scroll of enchant weapon for 172 gold pieces
 36859 | Vaults:1 | Entered Level 1 of the Vaults
 37283 | Vaults:1 | Found Yxenn's General Store.
 37288 | Vaults:1 | Offered knowledge of Ignition by Vehumet.
 37325 | Vaults:1 | Learned a level 8 spell: Ignition
 37470 | Vaults:1 | Reached XP level 20. HP: 139/166 MP: 32/32
 37510 | Vaults:1 | Noticed Donald
 37520 | Vaults:1 | Killed Donald
 38433 | Vaults:2 | Noticed Mennas
 38465 | Vaults:2 | HP: 8/250 [Mennas/+2 sacred scourge of holy wrath (9)]
 38465 | Vaults:2 | Slain by Mennas

Illustrated notes

Levels and vault maps discovered:
D:1:      saegor_arrival_simple_a, layout_loops_ring,
          shapermc_ecumenical_altar_flowoftime, minivault_19,
          minmay_misc_feat_tiny
D:2:      layout_loops_cross, uniq_robin
D:3:      gammafunk_steamed_eel, layout_loops_ring,
          mainiacjoe_overflow_small_starburst, minmay_door_square
D:4:      layout_basic, nemelex_diamond_rough_becter, minmay_misc_feat_enclosed
D:5:      layout_gridville, serial_shops,
          nicolae_shop_competitors_out_of_business,
          nicolae_shop_bloodbath_and_beyond, shop, nicolae_stop_n_shop_1,
          nicolae_shop_hallway_plus, serial_park_tiny_2, serial_bayou_lake_a
D:6:      dreamdust_elfheim, layout_basic, uniq_prince_ribbit1
D:7:      minmay_blocky_corners, layout_rooms, mainiacjoe_overflow_alcove_1,
          zin_academy, minmay_temple_entry_statues_fountains,
          hangedman_decor_riveting, nicolae_shop_i_like_big_books
D:8:      layout_rooms, marbit_many_paths
D:9:      layout_cross, general_overflow_altar, erik_lair_island,
          kb_lookout_dungeons_type, minmay_liquid_box
D:10:     layout_stronghold, minitemple, minivault_16, lightli_minifort
D:11:     layout_layer_cave
D:12:     layout_stronghold, orc_david_3, demons_altar
D:13:     layout_long_grid, david_vaults_3, gammafunk_ghost_grave,
          enter_trove_1, serial_rivers, chequers_serial_rivers_small_3,
          chequers_serial_rivers_micro_b, chequers_serial_rivers_large_b,
          chequers_serial_rivers_small_a, hangedman_feature_mirror,
          kennysheep_generic_room_4
D:14:     layout_cave_pools, serial_shops, shop_fountains, moated_statue,
          cheibriados_altar_1
D:15:     grunt_enter_depths_snipers, layout_loops_corners,
          evilmike_ruin_ashenzari, biasface_ghost_orc_armoury
Temple:   minmay_temple_curvy_branch
Lair:1:   layout_layer_cave, gammafunk_ghost_wrathful_warriors, special_room
          [special_room_bee], nicolae_quartered_pool_little
Lair:2:   layout_cellular_growth, spider_nest_entry_rubble
Lair:3:   minmay_lair_oklob_tunnel, layout_loops_ring,
          minmay_shoals_entry_lonely_mermaid, minmay_lindwurm_lava
Lair:4:   layout_hall_layers, minmay_lair_oklob_items, serial_bayou_shore_b,
          uniq_kirke
Lair:5:   cheibrodos_lair_end_hotspot, layout_cellular_growth,
          nicolae_slime_entry_slimehenge, enter_volcano_2,
          nicolae_lair_run_with_the_wolves, uniq_josephine
Shoals:1: cheibrodos_shoals_three_sisters, layout_shoals, uniq_aizul,
          uniq_frances
Shoals:2: layout_shoals, serial_shops, nicolae_shop_waterfront
Shoals:3: layout_shoals, hangedman_shoal_volcano, uniq_ilsuiw
Shoals:4: shoals_end_grunt_ice, layout_shoals,
          portal_ice_cave_entry_pillars_four
Spider:1: layout_spider_delve, guppyfry_hornet_nest
Spider:2: layout_cave_pods, hangedman_spider_tarantella_strand, uniq_arachne
Spider:3: layout_spider_delve
Spider:4: grunt_spider_rune_circles
Orc:1:    layout_caves, uniq_jorgrun, uniq_snorg, uniq_fannar
Orc:2:    grunt_orc_community_town_hall, layout_diamond_mine,
          grunt_orc_community_big_house_2, grunt_orc_community_big_house_1,
          grunt_orc_community_house_1, grunt_orc_community_house_2,
          grunt_orc_community_house_3, grunt_orc_community_house_2,
          grunt_orc_community_house_3, gauntlet_entry_generic, serial_shops,
          shop
Elf:1:    elf_arrival_001, layout_onion_city, serial_shops, shop,
          hangedman_elf_disciples, minmay_shop_grid_forest, nicolae_elf_v_pinch,
          small_statue_intersection, grunt_ministairs_13, nicolae_danse_macabre,
          uniq_asterion
Elf:2:    elven_hall_of_blades_hangedman_original
          [nicolae_blade_entry_splitting_headache], layout_loops_cross,
          serial_shops, shop
Elf:3:    minmay_elf_hall_golems, layout_geoelf_castle, serial_shops,
          nicolae_shop_behind_doors, uniq_roxanne
Vaults:1: vaults_room_door_ring, nicolae_vaults_network_periphery,
          nicolae_vaults_little_squares_2, ontoclasm_vaults_chip,
          nicolae_vaults_display_case, nicolae_vaults_asterisk,
          vaults_dpeg_spiral, grunt_vaults_swirl, v_misc_22,
          nicolae_vaults_rhombus_5, grunt_vaults_trifunnel,
          ontoclasm_vaults_pinch, dpeg_vaults_monster_box,
          layout_vaults_omnicross, serial_shops, nicolae_shop_advertising_works
          [nicolae_subvault_shop_adworks], uniq_donald
Vaults:2: blue_anna_dwarven_crypt, v_pattern_4, v_misc_27, st_spiral_rooms,
          nicolae_vaults_little_squares_6, vaults_mumra_hexcomb,
          vaults_standard_mumra_enter_the_diamond, v_misc_5,
          layout_vaults_quadrants, serial_shops, shop_statue, uniq_boris,
          uniq_mennas, uniq_xtahua

Skill      XL: |  1  2  3  4  5  6  7  8  9 10 11 12 13 14 15 16 17 18 19 20 |
---------------+-------------------------------------------------------------+-----
Short Blades   | 3 |  3.6
Stealth        | 1 2 |  2.3
Fire Magic     | 3 5 6 7 10 11 | 11.1
Fighting       | 4 6 8 10 11 12 13 14 15 16 | 16.9
Spellcasting   | 2 3 6 8 |  8.6
Axes           | 3 6 8 9 10 11 12 13 14 15 16 17 18 | 18.0
Dodging        | 2 4 6 7 |  7.5
Armour         | 4 6 7 9 10 11 12 13 | 13.1
Evocations     | 3 4 6 7 |  7.3
Conjurations   | 4 5 7 9 11 | 11.0
Air Magic      | 3 6 8 |  8.1
Transmutations | 3 5 7 8 |  8.3
Poison Magic   | |  0.9

Action                   |  1- 3 |  4- 6 |  7- 9 | 10-12 | 13-15 | 16-18 | 19-21 || total
-------------------------+-------+-------+-------+-------+-------+-------+-------++-------
Melee: Short sword       |    80 |    82 |       |       |       |       |       ||   162
       War axe           |       |    27 |   153 |   421 |  1080 |   658 |       ||  2339
       Touch             |       |       |    21 |    63 |   190 |   223 |    92 ||   589
       Punch             |       |       |     2 |     1 |     7 |    15 |    11 ||    36
       Broad axe         |       |       |       |       |       |   464 |   501 ||   965
 Cast: Scorch            |     7 |    24 |    16 |    30 |     6 |     5 |       ||    88
       Sticky Flame      |       |       |       |       |    12 |    63 |     6 ||    81
       Fireball          |       |       |       |       |     1 |    32 |    41 ||    74
       Arcjolt           |       |       |       |       |       |    11 |    12 ||    23
       Vhi's Electric Ch |       |       |       |       |       |    45 |    48 ||    93
       Poisonous Vapours |       |       |       |       |       |     2 |       ||     2
       Wereblood         |       |       |       |       |       |     1 |       ||     1
       Starburst         |       |       |       |       |       |     3 |     2 ||     5
Invok: Fiery Armour      |     2 |       |     2 |     6 |       |       |       ||    10
       Foxfire Swarm     |     1 |       |     1 |       |       |       |       ||     2
Evoke: Wand              |       |     5 |     1 |    30 |    10 |     9 |     6 ||    61
       Condenser vane    |       |       |       |     1 |     2 |     5 |     1 ||     9
  Use: Scroll            |       |     5 |    16 |     4 |    15 |    13 |    12 ||    65
       Potion            |       |     1 |       |       |     8 |    11 |     1 ||    21
 Stab: Sleeping          |     1 |     1 |       |     1 |     1 |       |       ||     4
       Paralysed         |       |     6 |     2 |    19 |    29 |    91 |    51 ||   198
       Invisible         |       |       |     2 |       |     1 |     6 |     2 ||    11
       Distracted        |       |       |     1 |       |       |       |     2 ||     3
Armor: Robe              |    29 |    46 |    61 |       |       |       |       ||   136
       Troll leather arm |       |       |    17 |   211 |   113 |       |       ||   341
       Chain mail        |       |       |       |       |   314 |       |       ||   314
       Leather armour    |       |       |       |       |     1 |       |       ||     1
       Fire dragon scale |       |       |       |       |   197 |   650 |   287 ||  1134
Dodge: Dodged            |    40 |    38 |    83 |   328 |   692 |   493 |   257 ||  1931
Block: Buckler           |    12 |    15 |     4 |       |       |       |       ||    31

Table legend: (Time is in decaauts)
 A = Elapsed time spent in this place.
 B = Non-inter-level travel time spent in this place.
 C = Inter-level travel time spent in this place.
 D = Time resting spent in this place.
 E = Time spent auto-exploring this place.
 F = Levels seen in this place.
 G = Mean time per level.
                   A        B        C        D        E       F      G
               +--------+--------+--------+--------+--------+-----+--------+
         Total |  37946 |  34286 |   3660 |   3540 |  22934 |  39 |  973.0 |
       Dungeon |  15143 |  13592 |   1551 |    940 |  10284 |  15 | 1009.5 |
        Temple |    251 |    246 |      5 |      0 |    245 |   1 |  251.0 |
          Lair |   5889 |   5211 |    678 |    377 |   3682 |   5 | 1177.8 |
        Shoals |   3697 |   3491 |    206 |    378 |   1947 |   4 |  924.2 |
   Spider Nest |   3978 |   3796 |    182 |    642 |   2338 |   4 |  994.5 |
  Orcish Mines |   1699 |   1130 |    569 |     11 |    793 |   2 |  849.5 |
   Elven Halls |   4709 |   4268 |    441 |   1071 |   2143 |   3 | 1569.7 |
        Vaults |   1544 |   1520 |     24 |      2 |   1168 |   2 |  772.0 |
      Ice Cave |    435 |    435 |      0 |     62 |    137 |   1 |  435.0 |
       Volcano |    196 |    196 |      0 |      4 |      0 |   1 |  196.0 |
      Gauntlet |    401 |    401 |      0 |     52 |    197 |   1 |  401.0 |
               +--------+--------+--------+--------+--------+-----+--------+

Top non-repeatable levels by time:
   Elf:3: 2125 daAuts
   Elf:1: 1730 daAuts
    D:10: 1547 daAuts
Shoals:1: 1446 daAuts
  Lair:1: 1440 daAuts
Spider:3: 1346 daAuts
    D:12: 1338 daAuts
    D:15: 1298 daAuts
  Lair:5: 1296 daAuts
     D:3: 1226 daAuts
Vaults:1: 1211 daAuts
     D:4: 1154 daAuts
   Orc:2: 1148 daAuts
  Lair:4: 1146 daAuts
    D:11: 1094 daAuts
